 Dungeon Crawl Stone Soup version 0.29-a0-716-gf28ee254f9 (webtiles) character file.

Game seed: 6704138741912270409

4941 Garessta the Basher (level 11, -6/94 HPs)
             Began as a Meteoran Cinder Acolyte on June 21, 2022.
             Was an Elder of Zin.
             Mangled by a cyclops (14 damage)
             ... while petrified by Jorgrun
             ... on level 2 of the Orcish Mines on June 26, 2022.
             The game lasted 00:39:38 (3461 turns).

Garessta the Basher (Meteoran Cinder Acolyte)       Turns: 3461, Time: 00:39:39

Health: -6/94      AC:  9    Str: 34    XL:     11   Next: 8%
Magic:  16/16      EV:  2    Int: 16    God:    Zin [****..]
Gold:   342        SH:  0    Dex:  7    Spells: 12/12 levels left

rFire   . . .      SeeInvis .   x - +5 morningstar
rCold   . . .      Faith    .   (no shield)
rNeg    + + +      Spirit   .   n - +2 robe of a Labyrinth {Rampage Regen+ Str+9 Dex-4}
rPois   ∞          Reflect  .   w - +2 hat
rElec   .          Harm     .   (no cloak)
rCorr   .          Rampage  +   m - +0 pair of gloves
Will    +....                   e - +0 pair of boots
Stlth   +.........              (no amulet)
HPRegen 1.05/turn               d - ring of poison resistance
MPRegen 0.15/turn               z - +6 ring of strength

@: petrified, glowing, fire susceptible
A: sense surroundings 2, otherworldly, glowing, explore regen
a: Renounce Religion, Recite, Vitalisation, Imprison, Donate Gold


You were on level 2 of the Orcish Mines.
You worshipped Zin.
Zin was greatly pleased with you.
You visited 3 branches of the dungeon, and saw 14 of its levels.

You collected 379 gold pieces.
You donated 37 gold pieces to Zin.

Inventory:

Hand Weapons
 a - a -1 mace of flaming
 q - a +0 flail
 x - a +5 morningstar (weapon)
 y - a +0 dire flail
Armour
 b - a +0 robe
 e - a +0 pair of boots (worn)
 h - a +0 scale mail
 m - a +0 pair of gloves (worn)
 n - the +2 robe of a Labyrinth (worn) {Rampage Regen+ Str+9 Dex-4}
   (You found it on level 2 of the Dungeon)

   Str:       It affects your strength (+9).
   Dex:       It affects your dexterity (-4).
   Regen:     It increases your rate of health regeneration.
   Rampage:   It bestows one free step when moving towards enemies.
 s - a +0 plate armour
 w - a +2 hat (worn)
Jewellery
 d - a ring of poison resistance (left hand)
 p - a ring of resist corrosion
 z - a +6 ring of strength (right hand)
Wands
 t - a wand of iceblast (14)
 v - a wand of flame (78)
Scrolls
 i - 3 scrolls of fear
 l - 4 scrolls of amnesia
 o - a scroll of silence
 B - 2 scrolls of teleportation {unknown}
 C - 2 scrolls of noise {unknown}
 E - a scroll of torment {unknown}
 F - 4 scrolls of identify
Potions
 c - a potion of resistance
 f - a potion of might
 g - 2 potions of berserk rage
 j - 7 potions of curing
 k - 2 potions of cancellation
 r - 2 potions of haste
 u - a potion of invisibility
 A - 3 potions of heal wounds {unknown}
 D - a potion of attraction {unknown}
 G - a potion of brilliance {unknown}


   Skills:
 + Level 7.8 Fighting
 * Level 14.4 Maces & Flails
 + Level 6.0 Armour
 + Level 4.6 Dodging
 - Level 0.7 Stealth
 - Level 1.4 Spellcasting
 - Level 3.6 Fire Magic
 + Level 6.5 Invocations


You had 12 spell levels left.
You didn't know any spells.
Your spell library contained the following spells:

 Spells                   Type           Power      Damage    Failure   Level
 Scorch                   Fire           24%        2d6       8%          2
 Ensorcelled Hibernation  Hex/Ice        2%         N/A       32%         2
 Passwall                 Tmut/Erth      0%         N/A       32%         2
 Gell's Gravitas          Tloc           1%         N/A       54%         3
 Lesser Beckoning         Tloc           1%         N/A       54%         3
 Swiftness                Air            1%         N/A       54%         3
 Teleport Other           Tloc           1%         N/A       54%         3


Dungeon Overview and Level Annotations

Branches:
Dungeon (11/15) Zot: 3353  Temple (1/1) D:5 Zot: 447     Orc (2/2) D:9 Zot: 1161
   Lair: D:8-11         Elf: Orc:2

Altars:
Ashenzari
Cheibriados
Dithmenos
Elyvilon
Fedhas
Gozag
Hepliaklqana
Kikubaaqudgha
Makhleb
Nemelex Xobeh
Okawaru
Qazlal
Ru
Sif Muna
Trog
Uskayaw
Vehumet
Wu Jian
Xom
Yredelemnul
Zin
The Shining One

Annotations:
Orc:2 Jorgrun


Innate Abilities, Weirdness & Mutations

You passively map the area around you.
You are easily found by Zot.
You glow in the dark.
You regain HP and MP as you explore.


Message History

Jorgrun hits you with a staff of earth.
You barely miss Jorgrun.
Jorgrun is lightly wounded.
Jorgrun casts a spell at you. The iron shot hits you!!
A cyclops comes into view.
The cyclops shouts!
You hit Jorgrun.
Jorgrun is lightly wounded.
Jorgrun hits you with a staff of earth. Jorgrun shatters you!
You impale Jorgrun!!
Jorgrun is moderately wounded.
You puncture Jorgrun!
Jorgrun is heavily wounded.
Jorgrun gestures at you while chanting.
You are slowing down.
You sock Jorgrun!
Jorgrun is heavily wounded.
Jorgrun says, "'tis place shall be yer tomb!"
Jorgrun hits you with a staff of earth. Jorgrun shatters you.
Your limbs are stiffening.
You hit Jorgrun.
Jorgrun is heavily wounded.
Jorgrun hits you with a staff of earth.
Jorgrun points next to you and mumbles some strange words.
The wall shatters!
The blast of rock fragments hits you!!
You have turned to stone.
Jorgrun gestures at you while chanting. The iron shot hits you!!!
* * * LOW HITPOINT WARNING * * *
Jorgrun hits you but does no damage. Jorgrun shatters you!
* * * LOW HITPOINT WARNING * * *
Jorgrun points next to you and mumbles some strange words.
The wall shatters!
The blast of rock fragments hits you!!
* * * LOW HITPOINT WARNING * * *
Jorgrun points next to you and mumbles some strange words.
The wall shatters!
The blast of rock fragments hits you!
* * * LOW HITPOINT WARNING * * *
The cyclops hits you!!
You die...

#........., ,
............ ,
##...........
,
#$...........
#............
, ,,,
##...........,
,
#.<..........
##....C......
#...@g$...$.
#...#.....$..
**
#...##.......
*
##.##*.......
* #.# ,......#
... .#...##*
** , ##.
......., , ,
.#..... ** * *
* ,


You could see Jorgrun and a cyclops.

Vanquished Creatures
  2 trolls
  Grinder (D:3)
  8 fire elementals
  A steam dragon (D:6)
  Eustachio (D:5)
  5 yaks (D:9)
  6 two-headed ogre zombies (D:9)
  3 ice beasts (D:6)
  A black bear (D:4)
  An orc warrior (D:6)
  A sky beast (D:7)
  Duvessa (D:5)
  An ogre (Orc:1)
  2 centaurs
  A phantom (D:5)
  2 bullfrogs
  A gnoll sergeant (D:8)
  8 wights
  Dowan (D:5)
  8 killer bees (D:9)
  4 howler monkeys
  2 hounds (D:6)
  2 jellies
  An orc priest (D:5)
  A gnoll shaman (D:6)
  4 iguanas
  6 gnolls
  4 adders
  A shadow imp (D:5)
  A white imp (D:6)
  3 ufetubi
  2 worms
  9 orcs
  4 ball pythons
  6 endoplasms
  2 giant cockroaches
  7 hobgoblins
  5 jackals
  5 kobolds
  A quokka (D:3)
  A bat (D:1)
  2 frilled lizards
  5 goblins
  7 rats
140 creatures vanquished.

Vanquished Creatures (others)
  An orc (D:6)
  29 foxfires
  A plant (D:4)
31 creatures vanquished.

Grand Total: 171 creatures vanquished

Notes
Turn   | Place    | Note
-------+----------+-------------------------------------------
     0 | D:1      | Garessta the Meteoran Cinder Acolyte began the quest for
                  | the Orb.
     0 | D:1      | Reached XP level 1. HP: 19/19 MP: 3/3
    16 | D:1      | Upgraded the game from 0.29-a0-649-g45c230d69a to
                  | 0.29-a0-690-g32ab5fea29
    44 | D:1      | Reached XP level 2. HP: 6/26 MP: 5/5
   207 | D:1      | Reached XP level 3. HP: 31/31 MP: 6/6
   256 | D:3      | Noticed Grinder
   280 | D:2      | Identified the +2 robe of a Labyrinth {Rampage Regen+ Str+9
                  | Dex-4}
   367 | D:2      | Reached skill level 5 in Maces & Flails
   493 | D:3      | Reached XP level 4. HP: 34/40 MP: 7/7
   511 | D:3      | Killed Grinder
   512 | D:3      | Reached skill level 7 in Maces & Flails
   512 | D:3      | Reached XP level 5. HP: 47/47 MP: 8/8
   512 | D:3      | Reached XP level 6. HP: 53/53 MP: 9/9
   576 | D:4      | Found a bloodstained altar of Trog.
   857 | D:5      | Entered Level 5 of the Dungeon
   882 | D:4      | Noticed an ogre
   971 | D:5      | Reached skill level 8 in Maces & Flails
   974 | D:5      | Reached XP level 7. HP: 49/60 MP: 10/10
  1024 | D:4      | Reached skill level 9 in Maces & Flails
  1076 | D:5      | Noticed Eustachio
  1079 | D:5      | Upgraded the game from 0.29-a0-690-g32ab5fea29 to
                  | 0.29-a0-716-gf28ee254f9
  1088 | D:5      | Reached skill level 5 in Fighting
  1088 | D:5      | Reached XP level 8. HP: 46/68 MP: 11/11
  1110 | D:5      | Killed Eustachio
  1111 | D:5      | Reached skill level 10 in Maces & Flails
  1197 | D:5      | Noticed Dowan
  1202 | D:5      | Killed Dowan
  1203 | D:5      | Noticed Duvessa
  1210 | D:5      | Killed Duvessa
  1211 | D:5      | Reached skill level 11 in Maces & Flails
  1213 | D:5      | Found a staircase to the Ecumenical Temple.
  1262 | Temple   | Entered the Ecumenical Temple
  1334 | Temple   | Fell from the grace of Ignis
  1334 | Temple   | Became a worshipper of Zin the Law-Giver
  1334 | Temple   | Reached * piety under Zin
  1616 | D:6      | Reached skill level 1 in Armour
  1616 | D:6      | Reached skill level 1 in Invocations
  1640 | D:6      | Gained mutation: You passively map the area around you.
                  | [Meteoran growth]
  1640 | D:6      | Reached XP level 9. HP: 54/75 MP: 12/12
  1642 | D:6      | Reached ** piety under Zin
  1811 | D:6      | Reached skill level 12 in Maces & Flails
  2147 | D:7      | Identified the +1 robe of the Rose {Str+6}
  2271 | D:7      | Reached skill level 1 in Dodging
  2302 | D:7      | Reached XP level 10. HP: 84/84 MP: 14/14
  2407 | D:8      | Reached skill level 13 in Maces & Flails
  2532 | D:8      | Reached *** piety under Zin
  2574 | D:8      | You fall into a shaft and drop 3 floors!
  2580 | D:10     | Entered Level 10 of the Dungeon
  2751 | D:8      | You fall into a shaft and drop 1 floor!
  2751 | D:9      | Found a staircase to the Orcish Mines.
  2898 | D:9      | Reached skill level 5 in Invocations
  2908 | D:9      | Reached skill level 5 in Armour
  2962 | D:9      | Reached skill level 14 in Maces & Flails
  3119 | D:9      | Reached **** piety under Zin
  3199 | D:9      | You fall into a shaft and drop 1 floor!
  3200 | D:10     | Reached XP level 11. HP: 40/93 MP: 16/16
  3422 | Orc:1    | Entered Level 1 of the Orcish Mines
  3446 | Orc:2    | Entered Level 2 of the Orcish Mines
  3446 | Orc:2    | Noticed Jorgrun
  3451 | Orc:2    | Noticed a cyclops
  3461 | Orc:2    | Mangled by a cyclops

Illustrated notes

Levels and vault maps discovered:
D:1:      heliophobic_arrival_battle_scene, layout_rooms, minmay_pentomino_w4
D:2:      minmay_angry_zag, layout_loops_ring, kennysheep_cross_bottleneck,
          uniq_robin
D:3:      layout_rooms, uniq_grinder
D:4:      layout_basic, trog_hazing_becter, saegor_snake_ambush
D:5:      layout_loops_cross, minmay_temple_entry_statues, due_unseen_surprise,
          uniq_duvessa, uniq_eustachio, uniq_sigmund
D:6:      layout_loops_cross, grunt_decor_arrowhead,
          minmay_misc_feat_more_columns
D:7:      layout_gridville, grunt_decor_cap
D:8:      layout_basic, uniq_erica
D:9:      lemuel_ogre_cave, layout_rooms, orc_0_dummy
D:10:     layout_rooms, erik_lair_orcish_takeover
D:11:     layout_roguey, gauntlet_entry_generic, serial_shops,
          nicolae_diamond_shop, glass_columns_a
Temple:   mainiacjoe_temple_starburst
Orc:1:    layout_diamond_mine, ebering_ghost_inner_flame
Orc:2:    st_orc_open, layout_caves, serial_shops, bzr_entry_road, shop,
          nicolae_shop_stone, shop_statue, shop, biasface_ghost_orc_armoury,
          uniq_jorgrun

Skill      XL: |  1  2  3  4  5  6  7  8  9 10 11 |
---------------+----------------------------------+-----
Maces & Flails | 5 7 8 9 11 12 14 | 14.4
Fighting       | 4 5 6 7 |  7.8
Armour         | 1 4 5 6 |  6.0
Invocations    | 1 4 6 |  6.5
Dodging        | 1 4 |  4.6
Stealth        | |  0.7
Spellcasting   | |  1.4
Fire Magic     | |  3.6

Action                   |  1- 3 |  4- 6 |  7- 9 | 10-12 || total
-------------------------+-------+-------+-------+-------++-------
Melee: Mace              |    86 |    12 |       |       ||    98
       Punch             |     1 |       |     2 |     1 ||     4
       Flail             |       |    62 |   162 |       ||   224
       Morningstar       |       |       |    46 |   171 ||   217
Invok: Fiery Armour      |     1 |     1 |     1 |       ||     3
       Foxfire Swarm     |       |     1 |     1 |       ||     2
  Use: Scroll            |       |    10 |     3 |     1 ||    14
       Potion            |       |       |       |     1 ||     1
 Stab: Distracted        |       |     1 |       |       ||     1
Armor: Robe              |    28 |    26 |    63 |    69 ||   186
       Scale mail        |    19 |       |       |       ||    19
Dodge: Dodged            |    57 |    42 |    89 |    73 ||   261

Table legend: (Time is in decaauts)
 A = Elapsed time spent in this place.
 B = Non-inter-level travel time spent in this place.
 C = Inter-level travel time spent in this place.
 D = Time resting spent in this place.
 E = Time spent auto-exploring this place.
 F = Levels seen in this place.
 G = Mean time per level.
                   A        B        C        D        E       F      G
               +--------+--------+--------+--------+--------+-----+--------+
         Total |   3436 |   3315 |    121 |    203 |      0 |  14 |  245.4 |
       Dungeon |   3246 |   3129 |    117 |    203 |      0 |  11 |  295.1 |
        Temple |    152 |    148 |      4 |      0 |      0 |   1 |  152.0 |
  Orcish Mines |     37 |     37 |      0 |      0 |      0 |   2 |   18.5 |
               +--------+--------+--------+--------+--------+-----+--------+

Top non-repeatable levels by time:
     D:6: 589 daAuts
     D:9: 563 daAuts
     D:5: 388 daAuts
     D:8: 363 daAuts
     D:4: 318 daAuts
     D:7: 299 daAuts
     D:1: 242 daAuts
     D:2: 232 daAuts
     D:3: 159 daAuts
  Temple: 152 daAuts
    D:10: 80 daAuts
   Orc:1: 23 daAuts
   Orc:2: 13 daAuts
    D:11: 7 daAuts
